 Dungeon Crawl Stone Soup version 0.28-a0-429-g1448048969 (webtiles) character file.

Game seed: 8366167309109371299

37 Sabo the Cudgeller (level 3, -1/37 HPs)
             Began as a Troll Berserker on Sept 11, 2021.
             Was a Follower of Trog.
             Slain by an iguana (13 damage)
             ... on level 3 of the Dungeon.
             The game lasted 00:06:37 (1447 turns).

Sabo the Cudgeller (Troll Berserker)                Turns: 1447, Time: 00:06:38

Health: -1/37      AC:  4    Str: 25    XL:     3   Next: 21%
Magic:  2/2        EV: 10    Int:  4    God:    Trog [*.....]
Gold:   63         SH:  0    Dex:  9    Spells: 2/2 levels left

rFire   . . .      SeeInvis .   a - +0 mace
rCold   . . .      Faith    .   (no shield)
rNeg    . . .      Spirit   .   i - +0 robe
rPois   .          Reflect  .   (helmet restricted)
rElec   .          Harm     .   (no cloak)
rCorr   .          Rampage  .   (gloves unavailable)
Will    .....                   (boots unavailable)
Stlth   +.........              (no amulet)
HPRegen 1.12/turn               (no ring)
MPRegen 0.08/turn               (no ring)

@: no status effects
A: large, unfitting armour, claws 3, regeneration 1, shaggy fur 1, tough skin 1
a: Renounce Religion, Berserk


You were on level 3 of the Dungeon.
You worshipped Trog.
Trog was aware of your devotion.
You visited 1 branch of the dungeon, and saw 3 of its levels.

You collected 63 gold pieces.

Inventory:

Hand Weapons
 a - a +0 mace (weapon)
Armour
 b - a +0 animal skin
 i - a +0 robe (worn)
Scrolls
 g - a scroll of noise {unknown}
 h - 2 scrolls of identify {unknown}
Potions
 c - a potion of lignification {unknown}
 d - a potion of haste {unknown}
 e - a potion of flight {unknown}
 f - a potion of cancellation {unknown}
 j - a potion of might {unknown}


   Skills:
 + Level 3.0 Fighting
 + Level 3.2 Maces & Flails
 + Level 2.6 Dodging


You had 2 spell levels left.
You didn't know any spells.
Your spell library was empty.

Dungeon Overview and Level Annotations

Branches:
Dungeon (3/15)

Altars:


Innate Abilities, Weirdness & Mutations

You are too large for most types of armour.
You have claws for hands.
Your natural rate of healing is unusually fast.
You are covered in fur. (AC +1)
You have tough skin. (AC +1)


Message History

You now have 63 gold pieces (gained 14).
You open the door.
A ball python comes into view.
There is an open door here.
Found a yellow potion.
The ball python hisses angrily.
The ball python closely misses you.
You hit the ball python.
The ball python is moderately wounded.
The ball python bites you.
You hit the ball python but do no damage.
The ball python is moderately wounded.
The ball python bites you but does no damage. x2
You barely miss the ball python.
The ball python is moderately wounded.
The ball python misses you. The ball python barely misses you.
You sock the ball python!
You kill the ball python!
Trog accepts your kill.
You enter the shallow water.
Moving in this stuff is going to be slow.
j - a yellow potion A rat comes into view.
You sock the rat!
You kill the rat!
Trog accepts your kill.
You see here a rat corpse.
As you open the door, it creaks loudly!
There is an open door here.
An iguana comes into view.
The iguana hisses angrily.
The iguana bites you!
You hit the iguana.
The iguana is moderately wounded.
The iguana bites you! The iguana bites you.
* * * LOW HITPOINT WARNING * * *
You hit the iguana but do no damage.
The iguana is moderately wounded.
The iguana bites you!
You die...

#......#.#
##.###.#.##.#
#.......##.##
#####.##....#
#.##....#+#
#.##......## #.#
.......
#.####.#.####
#..........@#
##########.#.##l#
#..........#.##.#
#.##########.##.#
#.# ######.##.#
#.# #.....'##.#
#.# #..P....#.#
#.# #.PP....#.#
##.#####.......#


You could see an iguana.

Vanquished Creatures
  A gnoll (D:1)
  A worm (D:2)
  A bat (D:1)
  An endoplasm (D:1)
  2 giant cockroaches (D:1)
  4 hobgoblins
  4 kobolds
  3 ball pythons
  A frilled lizard (D:2)
  3 goblins
  2 rats
23 creatures vanquished.

Vanquished Creatures (others)
  2 withered plants (D:3)
2 creatures vanquished.

Grand Total: 25 creatures vanquished

Notes
Turn   | Place    | Note
-------+----------+-------------------------------------------
     0 | D:1      | Sabo the Troll Berserker began the quest for the Orb.
     0 | D:1      | Reached XP level 1. HP: 22/22 MP: 0/0
   224 | D:1      | Reached XP level 2. HP: 29/29 MP: 1/1
  1052 | D:2      | Reached XP level 3. HP: 18/36 MP: 2/2
  1447 | D:3      | Slain by an iguana

Illustrated notes

Levels and vault maps discovered:
D:1:      wheals_arrival_linesprint, layout_basic, minivault_26,
          minmay_misc_feat_diagonals
D:2:      layout_loops_ring
D:3:      layout_basic, dreamdust_ecumenical_altar_drowned_temple,
          serial_undead, serial_undead_c, serial_undead_c, serial_undead_e,
          serial_undead_b, serial_undead_f, serial_undead_b,
          minmay_misc_feat_encased

Skill      XL: |  1  2  3 |
---------------+----------+-----
Maces & Flails | 3 |  3.2
Fighting       | 3 |  3.0
Dodging        | |  2.6

Action                   || total
-------------------------++-------
Melee: Mace              ||    69
Armor: Animal skin       ||    22
       Robe              ||     2
Dodge: Dodged            ||    33

Table legend: (Time is in decaauts)
 A = Elapsed time spent in this place.
 B = Non-inter-level travel time spent in this place.
 C = Inter-level travel time spent in this place.
 D = Time resting spent in this place.
 E = Time spent auto-exploring this place.
 F = Levels seen in this place.
 G = Mean time per level.
                   A        B        C        D        E       F      G
               +--------+--------+--------+--------+--------+-----+--------+
         Total |   1466 |   1466 |      0 |     16 |      0 |   3 |  488.7 |
       Dungeon |   1466 |   1466 |      0 |     16 |      0 |   3 |  488.7 |
               +--------+--------+--------+--------+--------+-----+--------+

Top non-repeatable levels by time:
     D:1: 696 daAuts
     D:2: 551 daAuts
     D:3: 217 daAuts
